AoeStats
← NameBeNate

Arena

509681588Analyzed
1v1 RM · 5d ago on Sep 27, 2026· 46m 29s· 2 players
Game mode
Random Map
Map size
Tiny (2 player)
Population
200
Speed
Normal
Resources
Standard
Victory
Conquest
Starting age
Dark Age
Ending age
Imperial Age
RankedLock teamsTeams togetherTeam positionsShared explorationLock speedFull tech treeHidden civsTurbo modeCheats
Victory
Defeat
🇲🇽 Mongols · Mexico
1086
+18
🇺🇸 Slavs · United States
1119
-18
NameBeNate
8:58 Loom
11:15 Feudal Age
16:05 Castle Age
16:48 Man-at-Arms
17:59 Scale Mail Armor
18:07 Long Swordsman
19:08 Squires
19:50 Forging
20:45 Double-Bit Axe
24:33 Horse Collar
26:28 Bow Saw
26:21 Heavy Plow
32:19 Imperial Age
29:59 Scale Barding Armor
31:04 Bloodlines
31:53 Chain Barding Armor
31:34 Husbandry
32:52 Wheelbarrow
33:02 Wheelbarrow
32:12 Town Watch
33:11 Capped Ram
34:40 Plate Barding Armor
37:41 Detinets
38:27 Devotion
38:51 Elite Boyar
40:04 Gold Mining
40:06 Stone Mining
39:44 Siege Ram
41:00 Hand Cart
41:23 Iron Casting
43:03 Elite Skirmisher
43:37 Fletching
43:48 Padded Archer Armor
45:13 Bodkin Arrow
45:34 Leather Archer Armor
44:54 Pikeman
TKDNEW
12:13 Feudal Age
13:07 Double-Bit Axe
13:19 Horse Collar
16:03 Castle Age
15:10 Stone Mining
19:36 Loom
20:11 Fletching
21:26 Gold Mining
27:19 Bow Saw
28:20 Wheelbarrow
32:41 Imperial Age
31:22 Heavy Plow
32:41 Bodkin Arrow
32:47 Padded Archer Armor
33:26 Bracer
34:03 Conscription
35:02 Thumb Ring
35:23 Parthian Tactics
36:57 Leather Archer Armor
37:33 Ballistics
38:13 Chemistry
38:34 Gold Shaft Mining
38:21 Husbandry
38:57 Scale Barding Armor
39:03 Forging
38:15 Light Cavalry
39:06 Bloodlines
39:32 Elite Mangudai
40:44 Chain Barding Armor
40:00 Hussar
41:28 Hand Cart
44:22 Iron Casting
44:57 Siege Engineers
Connection lost

Rejoining the realm…

Still unreachable

The connection could not be restored.

Session expired

The server has moved on; the page needs a fresh start.